 Dungeon Crawl Stone Soup version 0.32-a0-900-g30fb1b0edc (webtiles) character file.

Game seed: 10408461432346831869

23076 Cheivey the Basher (level 12, -22/98 HPs)
             Began as a Demonspawn Fighter on Apr 5, 2024.
             Was an Initiate of Gozag.
             Killed by an exploding elephant (25 damage)
             ... ignited by their inner flame
             ... on level 2 of the Lair of Beasts.
             The game lasted 00:28:11 (14551 turns).

Cheivey the Basher (Demonspawn Fighter)            Turns: 14551, Time: 00:28:12

Health: -22/98     AC: 26    Str: 21    XL:     12   Next: 68%
Magic:  12/12      EV:  7    Int: 10    God:    Gozag
Gold:   1876       SH:  6    Dex: 12    Spells: 11/11 levels left

rFire   . . .        q - +0 flail (protect)
rCold   + . .        c - +0 buckler
rNeg    . . .        H - +0 chain mail
rPois   +            (helmet unavailable)
rElec   .            i - +1 cloak
rCorr   +            (no gloves)
SInv    .            o - +0 pair of boots
Will    .....        (no amulet) Stlth
                     t - ring of poison resistance
HPRegen 0.36/turn    m - ring of resist corrosion
MPRegen 0.13/turn

%: no passive effects
@: gold aura, under a protective aura, studying 2 skills
A: horns 3, icy blue scales 3, foul stench 2, condensation shield
a: Renounce Religion, Potion Petition, Call Merchant, Bribe Branch


You were on level 2 of the Lair of Beasts.
You worshipped Gozag.
Gozag was most pleased with you.
You visited 3 branches of the dungeon, and saw 14 of its levels.

You collected 2378 gold pieces.
You paid 502 gold pieces to Gozag.

Inventory:

Hand Weapons
 q - a +0 flail of protection (weapon)
Missiles
 j - 23 poisoned darts (quivered)
 D - a throwing net
Armour
 c - a +0 buckler (worn)
 i - a +1 cloak (worn)
 o - a +0 pair of boots (worn)
 z - a +0 plate armour
 H - a +0 chain mail (worn)
Jewellery
 m - a ring of resist corrosion (right hand)
 s - a ring of magical power
 t - a ring of poison resistance (left hand)
 E - a ring of positive energy
 F - a ring of willpower
 G - a ring of fire
Wands
 h - a wand of digging (12)
 n - a wand of flame (19)
 C - a wand of charming (6)
Scrolls
 a - 2 scrolls of revelation
 d - a scroll of amnesia
 p - a scroll of silence
 u - a scroll of torment
 v - 2 scrolls of enchant armour
 x - 4 scrolls of vulnerability
 B - 3 scrolls of blinking
Potions
 b - a potion of curing
 e - 2 potions of degeneration
 g - 2 potions of brilliance
 r - 2 potions of attraction
 w - a potion of magic
 A - 3 potions of lignification


   Skills:
 + Level 10.3 Fighting
 * Level 12.7 Maces & Flails
 - Level 1.0 Throwing
 + Level 9.2 Armour
 + Level 10.5 Shields
 - Level 2.0 Evocations


You had 11 spell levels left.
You didn't know any spells.
Your spell library contained the following spells:

 Spells                   Type           Power      Damage    Failure   Level
 Magic Dart               Conj           0%         1d3       93%         1
 Blink                    Tloc           0%         N/A       98%         2
 Call Imp                 Summ           0%         N/A       98%         2
 Scorch                   Fire           0%         2d5       98%         2
 Sublimation of Blood     Necr           0%         N/A       98%         2
 Flame Wave               Conj/Fire      0%         2d4       100%        4
 Summon Cactus Giant      Summ           0%         N/A       100%        6
 Summon Hydra             Summ           0%         N/A       100%        7


Dungeon Overview and Level Annotations

Branches:
Dungeon (11/15) Zot: 25918  Temple (1/1) D:7 Zot: 5897    Lair (2/5) D:8 Zot: 8539
 Shoals (0/4) Lair:2          Orc (0/2) D:9
  Snake: Lair:2-3    Spider: Lair:2-3

Altars:
Ashenzari
Cheibriados
Dithmenos
Fedhas
Gozag
Hepliaklqana
Kikubaaqudgha
Makhleb
Nemelex Xobeh
Okawaru
Qazlal
Ru
Sif Muna
Trog
Uskayaw
Vehumet
Wu Jian
Xom
Yredelemnul
Beogh
Lugonu

Shops:
D:8 =   D:9 [(

Portals:
Abyss: D:4

Annotations:
D:4 2 runed translucent doors
D:8 2 transporters


Innate Abilities, Weirdness & Mutations

You have a pair of large horns on your head.
You are completely covered in icy blue scales. (AC +4, rC+)
You sometimes emit foul miasma when damaged in melee.
A meltable shield of frost defends you. (SH +0)


Message History

The elephant is moderately wounded.
The fiery explosion engulfs you!!!
Your condensation shield dissipates!
The fiery explosion engulfs the elephant!!
Flame seeps out of the elephant.
The elephant is heavily wounded.
The fiery explosion engulfs the elephant!!!
Flame seeps out of the elephant.
The elephant is severely wounded.
The elephant is engulfed in blazing flames.
Flame seeps out of the elephant.
The elephant tramples you but does no damage.
The elephant trunk-slaps you but does no damage.
The elephant is engulfed in blazing flames.
Flame seeps out of the elephant.
The elephant is engulfed in blazing flames.
Flame seeps out of the elephant.
The elephant tramples you but does no damage.
The elephant trunk-slaps you but does no damage.
You hear a bellow! x3
The elephant is engulfed in blazing flames.
The elephant explodes!
The fiery explosion engulfs the elephant!!
Flame seeps out of the elephant.
The elephant is almost dead.
The fiery explosion engulfs the elephant!!!
The fiery explosion engulfs you!
The elephant explodes!
The fiery explosion engulfs the elephant!!
The fiery explosion engulfs the elephant!!!
Flame seeps out of the elephant.
The elephant is severely wounded.
The fiery explosion engulfs you!!
* * * LOW HITPOINT WARNING * * *
The elephant explodes!
The fiery explosion engulfs the elephant!!
You hear a splash. x2
The fiery explosion engulfs you!!
You die...
Your body crumbles into a pile of gold.

#Y.Y~~#.........###....##.......
#~#YY~#.........###...##........
##~##.~#..$...#.$$#..$..#........
Y~Y~~~~#....$.$..##P....##.......
##~###~................##........
#~#~~~#.....§§§§..$...##........
#~#>~~#.....§§§§................
##~#####....○§○§§......###......#
....#.#.#...##§§@..#....##.......
................$.$$.$$..........
...............$..$..............
..............$.$...$.$..........
.................................
...............$.................
.................................
.................................
.................................


There were no monsters in sight!

Vanquished Creatures
  A hydra (Lair:2)
  2 boulder beetles
  3 two-headed ogres
  Pikel (D:9)
  A manticore (D:11)
  11 elephants
  3 black mambas
  6 cane toads
  An unseen horror (D:11)
  4 komodo dragons
  A troll (D:11)
  3 merfolk (Lair:2)
  3 hornets
  A polar bear (Lair:2)
  8 blink frogs (Lair:1)
  A shadow (D:11)
  A wyvern (D:8)
  23 yaks
  A basilisk (D:11)
  Grum (D:11)
  Edmund (D:5)
  4 water moccasins
  Duvessa (D:4)
  8 ice beasts
  5 orc warriors
  2 sky beasts (D:6)
  3 black bears
  2 ogres
  2 wolves (D:11)
  A centaur (D:9)
  3 lemures (D:9)
  2 phantoms
  A kobold brigand (D:6)
  12 bullfrogs
  A gnoll sergeant (D:7)
  Dowan (D:4)
  7 killer bees
  3 bombardier beetles
  3 howler monkeys (D:9)
  A hound (D:4)
  4 jellies
  Crazy Yiuf (D:2)
  5 orc priests
  A gnoll bouda (D:10)
  Terence (D:2)
  2 iguanas
  2 sleepcaps (D:6)
  Natasha (twice) (D:3)
  5 orc wizards
  11 adders
  14 gnolls
  2 white imps (D:5)
  3 dart slugs
  3 ribbon worms
  52 orcs
  5 bats
  10 endoplasms
  2 giant cockroaches (D:2)
  9 goblins
  10 hobgoblins
  7 kobolds
  A quokka (D:1)
  10 ball pythons
  4 frilled lizards
  4 rats
309 creatures vanquished.

Vanquished Creatures (collateral kills)
  A lindwurm (D:8)
1 creature vanquished.

Vanquished Creatures (others)
  A lindwurm (D:8)
  An orc wizard (D:9)
2 creatures vanquished.

Grand Total: 312 creatures vanquished

Notes
Turn   | Place    | Note
-------+----------+-------------------------------------------
     0 | D:1      | Cheivey the Demonspawn Fighter began the quest for the Orb.
     0 | D:1      | Reached XP level 1. HP: 18/18 MP: 1/1
    74 | D:1      | Reached skill level 2 in Maces & Flails
    90 | D:1      | Gained mutation: You may rarely emit foul miasma when
                  | damaged in melee. [demonic ancestry]
    90 | D:1      | Reached XP level 2. HP: 13/24 MP: 2/2
   730 | D:2      | Gained mutation: You are partially covered in icy blue
                  | scales. (AC +2) [demonic ancestry]
   730 | D:2      | Reached XP level 3. HP: 29/29 MP: 3/3
   998 | D:2      | Reached skill level 3 in Maces & Flails
  1140 | D:2      | Noticed Terence
  1149 | D:2      | Killed Terence
  1150 | D:2      | Gained mutation: A meltable shield of frost defends you.
                  | (SH +0) [demonic ancestry]
  1150 | D:2      | Reached XP level 4. HP: 24/37 MP: 4/4
  1639 | D:2      | Found a runed translucent door.
  1640 | D:2      | Noticed Crazy Yiuf
  1646 | D:2      | Killed Crazy Yiuf
  2038 | D:3      | Gained mutation: You have a pair of small horns on your
                  | head. [demonic ancestry]
  2038 | D:3      | Reached XP level 5. HP: 42/42 MP: 5/5
  2172 | D:3      | Reached skill level 4 in Maces & Flails
  2540 | D:3      | Noticed Natasha
  2554 | D:3      | Killed Natasha
  2696 | D:3      | Noticed Natasha
  2701 | D:3      | Killed Natasha
  2846 | D:4      | Noticed Duvessa
  2846 | D:4      | Noticed Dowan
  2860 | D:4      | Killed Duvessa
  2861 | D:4      | Gained mutation: You have a pair of horns on your head.
                  | [demonic ancestry]
  2861 | D:4      | Reached XP level 6. HP: 49/49 MP: 6/6
  2893 | D:4      | Killed Dowan
  2894 | D:4      | Reached skill level 1 in Throwing
  3387 | D:4      | Found a one-way gate to the infinite horrors of the Abyss.
  3495 | D:4      | Reached skill level 5 in Maces & Flails
  3600 | D:4      | Found a large runed translucent door.
  3604 | D:4      | Found a large runed translucent door.
  3604 | D:4      | Found a corrupted altar of Lugonu.
  3752 | D:5      | Entered Level 5 of the Dungeon
  3792 | D:5      | Gained mutation: You are mostly covered in icy blue scales.
                  | (AC +3) [demonic ancestry]
  3792 | D:5      | Reached XP level 7. HP: 55/55 MP: 7/7
  3928 | D:5      | Noticed Edmund
  3942 | D:5      | Killed Edmund
  3943 | D:5      | Reached skill level 5 in Fighting
  4507 | D:5      | Reached skill level 6 in Maces & Flails
  4507 | D:5      | Gained mutation: You sometimes emit foul miasma when
                  | damaged in melee. [demonic ancestry]
  4507 | D:5      | Reached XP level 8. HP: 63/63 MP: 8/8
  4926 | D:6      | Noticed a komodo dragon
  5417 | D:6      | Found a blossoming altar of Fedhas.
  5489 | D:6      | Reached skill level 7 in Maces & Flails
  5489 | D:6      | Reached skill level 1 in Evocations
  5833 | D:6      | Reached skill level 5 in Armour
  5845 | D:6      | Reached skill level 5 in Shields
  5845 | D:6      | Gained mutation: You have a pair of large horns on your
                  | head. [demonic ancestry]
  5845 | D:6      | Reached XP level 9. HP: 57/69 MP: 9/9
  5896 | D:6      | Killed a komodo dragon
  6297 | D:7      | Reached skill level 8 in Maces & Flails
  6349 | D:7      | Found a staircase to the Ecumenical Temple.
  6431 | Temple   | Entered the Ecumenical Temple
  6516 | Temple   | Became a worshipper of Gozag Ym Sagoz the Greedy
  6903 | D:8      | Noticed a two-headed ogre
  6980 | D:8      | Found a staircase to the Lair.
  6980 | D:8      | Noticed an elephant
  7037 | D:8      | Killed an elephant
  7038 | D:8      | Gained mutation: You are completely covered in icy blue
                  | scales. (AC +4, rC+) [demonic ancestry]
  7038 | D:8      | Reached XP level 10. HP: 50/79 MP: 10/10
  7129 | D:8      | Found Syrphuj's Jewellery Emporium.
  7161 | D:8      | Noticed a white ugly thing
  7163 | D:8      | Noticed a large abomination
  7164 | D:8      | Found a transporter.
  7164 | D:8      | Noticed a green ugly thing
  7165 | D:8      | Found a corrupted altar of Lugonu.
  7281 | D:8      | Reached skill level 9 in Maces & Flails
  7493 | D:8      | Killed a two-headed ogre
  7643 | D:8      | Found a transporter.
  7721 | D:8      | Noticed a lindwurm
  7729 | D:8      | Noticed a lindwurm
  7766 | D:8      | Noticed a lindwurm
  7768 | D:8      | Noticed a lindwurm
  7798 | D:8      | Killed a lindwurm
  7950 | D:9      | Noticed a two-headed ogre
  7953 | D:9      | Found Narias's Weapon Emporium.
  7953 | D:9      | Found a staircase to the Orcish Mines.
  7953 | D:9      | Found Fexops's Armour Emporium.
  7953 | D:9      | Noticed a two-headed ogre
  7953 | D:9      | Noticed a boulder beetle
  7983 | D:9      | Killed a boulder beetle
  7984 | D:9      | Reached skill level 10 in Maces & Flails
  7986 | D:9      | Killed a two-headed ogre
  8195 | D:9      | Identified the +1 robe "Noaperig" {*Corrode Str+2 Int+2}
  8436 | D:9      | Noticed Pikel
  8443 | D:9      | Killed Pikel
  8444 | D:9      | Reached XP level 11. HP: 80/87 MP: 11/11
  8650 | D:9      | Killed a two-headed ogre
  8655 | D:9      | Identified a scroll of acquirement
  8656 | D:9      | Acquired a manual of Shields
  8989 | D:10     | Entered Level 10 of the Dungeon
  9116 | D:10     | Found a roughly hewn altar of Beogh.
  9379 | D:10     | Found a hide-covered altar of Uskayaw.
  9382 | D:10     | Found a shimmering altar of Xom.
  9384 | D:10     | Found a radiant altar of Vehumet.
  9554 | D:10     | Identified the +0 robe of Pauhob {Rampage Dex+2 Slay+2}
 10131 | D:11     | Noticed Grum
 10146 | D:11     | Killed Grum
 10250 | D:11     | Noticed a boulder beetle
 10278 | D:11     | Killed a boulder beetle
 10502 | D:11     | Reached skill level 11 in Maces & Flails
 11027 | Lair:1   | Entered Level 1 of the Lair of Beasts
 11605 | Lair:1   | Reached XP level 12. HP: 71/96 MP: 12/12
 12538 | Lair:2   | Reached skill level 12 in Maces & Flails
 13183 | Lair:2   | Reached skill level 10 in Fighting
 13447 | Lair:2   | Reached skill level 10 in Shields
 13606 | Lair:2   | Found a staircase to the Shoals.
 14383 | Lair:2   | Noticed a five-headed hydra
 14393 | Lair:2   | Killed a five-headed hydra
 14551 | Lair:2   | HP: 3/98 [spore (27)]
 14551 | Lair:2   | Killed by an exploding elephant... ignited by their inner
                  | flame

Illustrated notes

Levels and vault maps discovered:
D:1:      lemuel_arrival_room, layout_basic, minmay_parallelograms
D:2:      layout_basic, minmay_misc_feat_x, uniq_terence,
          uniq_crazy_yiuf_cottage
D:3:      layout_loops_corners, minmay_snake_closets, uniq_natasha
D:4:      due_chaos_kobolds, layout_loops_ring, uniq_duvessa
D:5:      layout_layer_cave, uniq_edmund
D:6:      minmay_clustersquares, layout_cave_pools, fedhas_altar_fruit_tree,
          kennysheep_generic_room_9
D:7:      layout_loops_ring, temple_hall, amcnicky_mini_pool_small,
          due_unseen_surprise
D:8:      gammafunk_corrupted_shrine, layout_rooms, david_lair_generic,
          serial_shops, shop, minmay_lindwurm_lava
D:9:      layout_loops_corners, orc_david_3, uniq_pikel
D:10:     layout_roguey [special_room_orc], grunt_temple_overflow_open
D:11:     layout_long_grid, uniq_grum
Temple:   mainiacjoe_temple_bowtie_tessellation
Lair:1:   layout_regular_city, grunt_megastairs_2, serial_bayou_shore_b
Lair:2:   cheibrodos_lair_river_kwai, layout_gridlike,
          mainiacjoe_shoals_entry_four_pools

Skill      XL: |  1  2  3  4  5  6  7  8  9 10 11 12 |
---------------+-------------------------------------+-----
Maces & Flails | 2 3 4 5 6 7 8 10 11 12 | 12.7
Fighting       | 4 5 6 7 8 9 10 | 10.3
Armour         | 3 4 5 6 7 8 9 |  9.2
Shields        | 3 4 5 6 7 9 10 | 10.5
Throwing       | 1 |  1.0
Evocations     | 1 2 |  2.0

Action                     |  1- 3 |  4- 6 |  7- 9 | 10-12 || total
---------------------------+-------+-------+-------+-------++-------
  Melee: Flail             |    98 |     9 |   271 |   794 ||  1172
         Mace              |       |   165 |    24 |       ||   189
         Headbutt          |       |    17 |    67 |   211 ||   295
  Throw: Dart              |       |       |     1 |     6 ||     7
 Invoke: Potion Petition   |       |       |       |     1 ||     1
  Evoke: Wand              |       |       |     3 |    21 ||    24
    Use: Scroll            |       |    15 |     4 |    11 ||    30
         Potion            |       |     4 |     5 |     7 ||    16
   Stab: Invisible         |       |       |     4 |     6 ||    10
         Distracted        |       |       |       |     4 ||     4
 Armour: Scale mail        |    68 |   137 |   182 |   149 ||   536
         Plate armour      |       |       |       |   252 ||   252
         Chain mail        |       |       |       |   189 ||   189
  Dodge: Dodged            |    32 |    51 |    85 |   183 ||   351
  Block: Buckler           |    25 |    78 |   141 |   308 ||   552

Table legend: (Time is in decaauts)
 A = Elapsed time spent in this place.
 B = Non-inter-level travel time spent in this place.
 C = Inter-level travel time spent in this place.
 D = Time resting spent in this place.
 E = Time spent auto-exploring this place.
 F = Levels seen in this place.
 G = Mean time per level.
                   A        B        C        D        E       F      G
               +--------+--------+--------+--------+--------+-----+--------+
         Total |  14558 |  14180 |    378 |   1251 |   9645 |  14 | 1039.9 |
       Dungeon |  10996 |  10667 |    329 |    585 |   7689 |  11 |  999.6 |
        Temple |    102 |     85 |     17 |      0 |      0 |   1 |  102.0 |
          Lair |   3459 |   3428 |     31 |    666 |   1956 |   2 | 1729.5 |
               +--------+--------+--------+--------+--------+-----+--------+

Top non-repeatable levels by time:
  Lair:2: 1975 daAuts
  Lair:1: 1483 daAuts
     D:2: 1302 daAuts
     D:5: 1166 daAuts
     D:9: 1163 daAuts
     D:6: 1077 daAuts
    D:11: 1021 daAuts
     D:3: 953 daAuts
    D:10: 938 daAuts
     D:4: 922 daAuts
     D:8: 913 daAuts
     D:7: 889 daAuts
     D:1: 646 daAuts
  Temple: 102 daAuts
